Map: King's Cove LE

Players

МалышKid

  • Race: Zerg Zerg
  • League: Platinum
  • Spawn Location: 11:00

Woah - Winner!

  • Race: Terran Terran
  • Spawn Location: 5:00

VOD

Have the link to the VOD?

Description

Time

  • Played on: June 11, 2019, 10:18 p.m.
  • Length: 16:18
Show
View Real Time Build Order
Export as new Build Order

МалышKid Zerg 

Build Orders: Hatch First 

Get SALT Encoding   

  12  0:01  Drone  
  13  0:08  Drone  
  14  0:17  Overlord  
  14  0:37  Drone  
  14  0:38  Drone x2  
  17  0:58  Hatchery, Drone  
  17  1:01  Drone  
  18  1:07  Extractor  
  17  1:17  Spawning Pool  
  16  1:19  Drone  
  16  1:22  Drone  
  18  1:35  Drone  
  19  1:44  Overlord  
  19  2:04  Queen  
  21  2:11  Zergling x6  
  21  2:14  Queen  
  26  2:28  Metabolic Boost  
  25  2:41  Overlord, Zergling x2  
  25  2:42  Zergling x6  
  28  2:57  Queen  
  30  3:00  Drone x3  
  33  3:18  Drone x2  
  33  3:19  Drone x2  
  37  3:22  Extractor  
  37  3:27  Drone x2  
  38  3:36  Lair  
  35  4:07  Zergling x2  
  35  4:08  Zergling x14  
  41  4:18  Extractor  
  41  4:21  Extractor  
  39  4:25  Spine Crawler  
  39  4:28  Drone x2  
  39  4:29  Drone x3  
  43  4:37  Spine Crawler  
  40  5:24  Hatchery  
  39  5:29  Roach Warren  
  39  5:33  Evolution Chamber  
  37  5:37  Evolution Chamber  
  36  5:51  Spine Crawler  
  36  5:55  Drone x8  
  43  5:57  Overlord  
  43  5:58  Overlord  
  32  6:26  Zerg Melee Weapons Level 1  
  32  6:28  Zerg Ground Armor Level 1  
  32  6:30  Roach x6  
  44  6:49  Glial Reconstitution  
  44  6:56  Drone x4  
  44  6:57  Drone x2  
  50  7:01  Spore Crawler  
  50  7:05  Spore Crawler  
  50  7:07  Drone  
  36  7:27  Zergling x2  
  37  7:32  Roach  
  37  7:33  Roach x3  
  45  7:47  Zergling x8  
  49  7:59  Drone  
  49  8:00  Drone  
  49  8:01  Baneling Nest  
  49  8:02  Drone  
  51  8:06  Drone  
  47  8:27  Roach x3  
  45  8:38  Zergling x4  
  45  8:39  Zergling x6  
  44  9:02  Overlord  
  44  9:03  Zergling x10  
  44  9:04  Zergling x2  
  50  9:16  Roach  
  50  9:17  Roach  
  54  9:21  Spawning Pool  
  53  9:45  Roach x3  
  59  9:50  Zerg Missile Weapons Level 1  
  59  9:51  Overlord  
  59  9:52  Overlord x3  
  59  10:12  Spine Crawler  
  58  10:16  Spine Crawler  
  53  10:38  Spore Crawler  
  53  10:40  Spore Crawler  
  53  10:41  Drone x6  
  57  10:49  Hatchery  
  56  11:02  Spore Crawler  
  55  11:06  Drone x2  
  55  11:07  Spore Crawler  
  55  11:08  Spine Crawler  
  55  11:10  Drone x2  
  57  11:20  Baneling Nest  
  41  11:43  Ravager x4  
  45  11:47  Roach  
  45  11:48  Roach x5  
  57  12:06  Roach x2  
  57  12:07  Spine Crawler  
  60  12:09  Ravager  
  61  12:23  Overlord, Roach  
  61  12:24  Roach x2  
  67  12:37  Overlord  
  67  12:38  Roach  
  67  12:40  Queen  
  71  12:56  Zergling x2  
  71  12:57  Zergling x6  
  75  13:03  Hatchery  
  75  13:04  Baneling Nest  
  75  13:05  Zerg Melee Weapons Level 2  
  73  13:08  Zergling x4  
  75  13:13  Queen  
  75  13:14  Overlord  
  75  13:15  Zergling x8  
  75  13:16  Queen  
  83  13:27  Baneling x8  
  57  13:49  Overlord  
  57  13:50  Zergling x14  
  60  13:59  Zergling x2  
  60  14:02  Baneling x2  
  36  14:49  Spire  
  36  14:51  Zergling x18  
  44  15:19  Overlord, Zergling x2  
  44  15:20  Zergling x14  
  52  15:36  Spire  
  45  15:43  Baneling x13  
Show
View Real Time Build Order
Export as new Build Order

Woah Terran - Winner!

Build Orders:  

Get SALT Encoding   

  12  0:01  SCV  
  13  0:13  SCV  
  14  0:18  Supply Depot  
  14  0:26  SCV  
  15  0:40  SCV  
  15  0:42  Barracks  
  16  0:47  Refinery  
  16  1:00  Barracks  
  16  1:03  SCV  
  17  1:16  SCV  
  18  1:29  Orbital Command  
  18  1:30  Reaper  
  19  1:40  Barracks  
  19  1:53  Reaper  
  20  1:55  Refinery  
  20  2:01  Supply Depot  
  20  2:06  SCV  
  21  2:18  SCV  
  22  2:30  SCV, Supply Depot  
  23  2:56  Reaper  
  23  2:57  SCV, Reaper  
  27  3:09  SCV  
  27  3:21  Command Center  
  27  3:25  Factory  
  27  3:28  Engineering Bay  
  27  3:31  Barracks Reactor  
  27  3:38  SCV  
  27  3:40  Barracks Tech Lab  
  26  4:14  Starport  
  26  4:20  Marine  
  26  4:21  Stimpack  
  26  4:22  Barracks Reactor  
  26  4:24  SCV  
  28  4:27  Terran Infantry Weapons Level 1  
  28  4:29  Hellion  
  30  4:34  Hellion  
  32  4:48  SCV  
  32  4:50  Hellion  
  35  4:53  Bunker  
  35  5:11  SCV  
  35  5:12  Starport Reactor  
  36  5:17  Marine x2  
  38  5:21  Barracks Reactor  
  38  5:23  SCV  
  38  5:24  Orbital Command  
  39  5:35  SCV  
  40  5:43  Marine x2  
  40  5:44  Marine  
  40  5:47  SCV  
  44  5:59  SCV  
  44  6:00  Marine  
  44  6:02  Marine x2  
  48  6:25  SCV  
  48  6:26  SCV  
  48  6:27  Marine x3  
  48  6:28  Marine  
  48  6:32  Engineering Bay  
  54  6:33  Command Center  
  54  6:34  Supply Depot  
  54  6:40  Armory  
  54  6:55  SCV x2, Medivac x2, Marine x2  
  54  6:57  Marine  
  63  7:06  Supply Depot  
  63  7:08  SCV x2, Supply Depot  
  65  7:20  SCV  
  65  7:29  Marine x5  
  70  7:30  Medivac  
  71  7:46  Marine  
  71  7:47  Marine  
  73  8:04  SCV  
  73  8:05  SCV  
  75  8:17  SCV  
  70  8:24  Supply Depot  
  70  8:26  SCV x2, Supply Depot  
  71  8:27  Supply Depot  
  71  8:29  SCV  
  71  8:38  SCV x2  
  71  8:41  SCV  
  70  8:42  Marine x3  
  70  8:43  Marine x2  
  75  8:50  SCV x2, Barracks x2  
  75  8:53  SCV, Factory Tech Lab  
  78  9:00  Marine x2  
  75  9:11  SCV x2  
  75  9:14  Engineering Bay  
  75  9:15  Terran Infantry Weapons Level 2  
  75  9:16  Terran Infantry Armor Level 1  
  78  9:21  Orbital Command  
  77  9:27  Supply Depot  
  77  9:28  Supply Depot x2  
  77  9:40  Siege Tank, Marine  
  77  9:41  Marine x4  
  77  9:44  Barracks Reactor  
  85  9:47  Barracks  
  85  9:51  Supply Depot  
  85  9:58  Marine  
  85  9:59  Marine x2  
  88  10:09  Marine  
  88  10:10  Marine x3  
  92  10:16  Marine x3  
  95  10:35  Marine  
  89  10:36  Marine x9  
  89  10:37  SCV  
  89  10:38  SCV x2  
  103  10:50  SCV  
  103  10:53  Command Center, Marine x3  
  103  10:54  Marine x2  
  108  10:57  Factory  
  108  10:58  Factory  
  108  10:59  SCV, Starport x2  
  108  11:00  SCV  
  108  11:01  Fusion Core  
  108  11:02  SCV  
  111  11:11  SCV  
  111  11:12  SCV  
  111  11:14  SCV  
  103  11:38  Marine  
  98  11:42  Siege Tank  
  98  11:43  Factory Tech Lab  
  98  11:44  Factory Tech Lab  
  97  11:48  Marine, Barracks Tech Lab  
  97  11:49  Marine x7, Barracks  
  97  11:50  Starport Reactor, Barracks  
  97  11:51  Starport Tech Lab  
  102  11:56  Marine  
  100  12:06  Marine x2  
  100  12:07  Marine x7  
  109  12:14  Marine  
  105  12:23  Siege Tank, Marine  
  105  12:24  Siege Tank x2, Marine  
  105  12:25  Marine x2  
  105  12:29  Terran Infantry Armor Level 2, Terran Infantry Weapons Level 3  
  118  12:36  Advanced Ballistics  
  118  12:40  Refinery  
  118  12:42  Orbital Command  
  118  12:45  Refinery  
  118  12:46  Command Center  
  118  12:48  Command Center  
  118  13:06  Siege Tank  
  121  13:19  Siege Tank  
  112  13:49  Liberator  
  112  13:50  Liberator x2  
  110  13:58  Marine x5  
  110  13:59  Marine x5  
  129  14:10  Refinery  
  129  14:12  Refinery  
  129  14:16  Marine x10  
  125  14:27  Liberator x2  
  125  14:34  Marine x10  
  141  14:51  Marine  
  141  14:52  Marine x2  
Tags
 
League
Platinum
Matchup
TvZ
Replay Pack
r1
Spawn Locations
Cross Positions
Add a new tag
Caveats
  • Supply blocks, unpowered buildings, or Contaminate may cause inaccurate times.
  • Supply counts are checked every 10 seconds.